Map: Ephemeron LE

Players

PtitDrogo - Winner!

  • Race: Protoss Protoss
  • League: Master
  • Spawn Location: 11:00

souL

  • Race: Terran Terran
  • Spawn Location: 5:00

VOD

Have the link to the VOD?

Description

Time

  • Played on: Sept. 7, 2019, 9:23 a.m.
  • Length: 8:57
Show
View Real Time Build Order
Export as new Build Order

PtitDrogo Protoss - Winner!

Build Orders: 1 Gate Expand, Zealot Archon 

Get SALT Encoding   

  12  0:00  Probe  
  13  0:12  Probe  
  14  0:17  Pylon  
  14  0:24  Probe  
  15  0:34  Probe  
  15  0:36  Gateway  
  15  0:42  Probe  
  16  0:47  Assimilator  
  17  0:52  Probe  
  18  1:04  Probe  
  19  1:16  Probe  
  20  1:23  Cybernetics Core  
  20  1:36  Nexus  
  20  1:39  Pylon  
  20  1:41  Probe  
  21  1:47  Assimilator  
  21  1:49  Stalker  
  23  2:01  Probe  
  23  2:04  Shield Battery  
  24  2:08  Warp Gate  
  24  2:13  Probe  
  24  2:14  Stalker  
  26  2:26  Probe  
  27  2:38  Probe  
  28  2:48  Probe  
  28  2:49  Robotics Facility  
  28  2:50  Probe  
  30  2:56  Probe  
  30  3:02  Probe  
  30  3:04  Sentry  
  30  3:05  Probe  
  35  3:13  Probe  
  35  3:14  Probe  
  35  3:16  Gateway  
  37  3:21  Probe  
  37  3:25  Gateway  
  37  3:26  Probe  
  39  3:31  Probe  
  40  3:36  Observer  
  40  3:38  Probe  
  40  3:39  Pylon  
  42  3:42  Probe  
  43  3:50  Probe  
  43  3:51  Probe  
  45  3:56  Pylon  
  45  3:57  Stalker  
  45  3:58  Observer, Probe  
  49  4:03  Probe  
  49  4:07  Assimilator  
  49  4:09  Probe, Assimilator  
  50  4:15  Probe  
  52  4:17  Immortal, Stalker  
  52  4:22  Probe  
  55  4:27  Pylon, Probe  
  55  4:31  Twilight Council  
  60  4:34  Probe  
  61  4:41  Pylon  
  61  4:42  Pylon  
  61  4:43  Charge  
  61  4:47  Pylon  
  61  4:48  Stalker  
  61  4:50  Stalker x2  
  67  5:00  Immortal  
  71  5:09  Shield Battery  
  71  5:14  Zealot x2  
  75  5:18  Zealot  
  75  5:30  Pylon  
  75  5:33  Templar Archives, Gateway  
  73  5:36  Stalker  
  73  5:37  Zealot  
  77  5:47  Zealot  
  78  5:59  Probe  
  78  6:00  Probe  
  78  6:03  Zealot x2  
  78  6:04  Warp Prism  
  74  6:08  Stalker  
  74  6:15  Gateway  
  72  6:18  Gateway  
  72  6:23  High Templar x2  
  76  6:27  Gateway, Archon  
  76  6:28  Gateway  
  76  6:31  Blink  
  76  6:32  High Templar x2  
  80  6:36  Archon  
  80  6:38  Forge  
  80  6:51  Pylon  
  80  6:53  Pylon  
  80  6:59  Zealot x2  
  84  7:07  Zealot x2  
  88  7:10  Observer  
  88  7:11  Pylon  
  88  7:24  Zealot x6  
  88  7:28  Pylon  
  100  7:31  Pylon  
  100  7:53  High Templar x3  
  100  7:54  Zealot x4, High Templar  
  100  7:56  Probe  
  115  7:58  Archon x2  
  115  8:04  Nexus  
  115  8:08  Pylon  
  115  8:22  Zealot, High Templar x2  
  115  8:23  Zealot  
  115  8:25  Zealot x2  
  115  8:26  Archon, Zealot  
  129  8:32  Zealot  
  131  8:39  Probe  
  108  8:49  Zealot  
  108  8:50  Zealot x4  
  108  8:54  Zealot  
Show
View Real Time Build Order
Export as new Build Order

souL Terran 

Build Orders:  

Get SALT Encoding   

  12  0:00  SCV  
  13  0:13  SCV  
  14  0:18  Supply Depot  
  14  0:26  SCV  
  15  0:40  Barracks  
  15  0:43  SCV  
  15  0:47  Refinery  
  16  0:55  SCV  
  17  0:57  Refinery  
  17  1:07  SCV  
  18  1:27  Orbital Command, Reaper  
  19  1:47  Factory  
  19  1:52  Supply Depot  
  19  1:53  SCV  
  20  1:57  Bunker  
  20  2:00  Marine  
  21  2:06  SCV  
  22  2:18  Marine, SCV  
  24  2:30  SCV  
  25  2:43  Command Center  
  25  2:48  Factory Tech Lab  
  26  2:53  Barracks  
  26  2:55  Barracks  
  25  3:02  SCV  
  26  3:07  Siege Tank  
  29  3:15  SCV  
  29  3:19  Supply Depot  
  30  3:27  SCV  
  31  3:40  Barracks Tech Lab, Siege Tank, SCV  
  35  3:41  Barracks Reactor  
  35  3:43  Barracks Reactor  
  35  3:52  SCV  
  36  3:56  Orbital Command  
  36  3:58  Combat Shield  
  36  4:01  Marine  
  37  4:05  SCV  
  37  4:06  Supply Depot  
  38  4:17  SCV  
  39  4:18  Siege Tank, Marine  
  39  4:19  Marine x2  
  39  4:21  SCV  
  39  4:24  Marine  
  47  4:28  Supply Depot  
  47  4:30  SCV  
  48  4:32  Marine  
  48  4:34  SCV  
  48  4:36  Marine  
  51  4:40  Supply Depot  
  51  4:42  SCV  
  51  4:45  Marine  
  53  4:46  Marine, SCV  
  53  4:51  Siege Tank  
  53  4:52  Marine  
  59  4:54  SCV  
  59  4:56  Marine  
  59  4:57  Marine  
  59  4:59  SCV  
  63  5:03  Marine  
  63  5:06  Marine, SCV  
  66  5:09  Supply Depot  
  66  5:10  Marine  
  66  5:12  SCV  
  66  5:14  Marine  
  67  5:16  Marine  
  67  5:19  Stimpack  
  67  5:21  Marine  
  70  5:26  Marine  
  70  5:28  Marine  
  66  5:31  Marine  
  66  5:34  Marine  
  67  5:38  Marine  
  68  5:44  Marine  
  68  5:46  Marine  
  68  5:49  Marine  
  71  5:52  Bunker, Marine  
  71  5:56  Marine  
  73  6:02  Marine  
  73  6:03  Marine  
  62  6:04  SCV  
  62  6:07  Marine  
  62  6:11  Starport  
  60  6:12  SCV  
  60  6:14  Marine  
  60  6:17  Siege Tank  
  64  6:19  SCV, Marine  
  64  6:24  Marine x2  
  68  6:28  Marine  
  68  6:29  SCV  
  68  6:31  SCV  
  71  6:34  Marine  
  72  6:40  Supply Depot, Marine  
  72  6:41  Marine  
  72  6:42  Marine, SCV  
  76  6:49  Supply Depot, Starport Reactor  
  76  6:51  Marine  
  76  6:53  Marine  
  78  6:59  Siege Tank  
  78  7:00  Marine  
  79  7:01  Marine  
  79  7:04  Supply Depot, Marine, SCV  
  79  7:07  SCV  
  83  7:08  Marine  
  83  7:10  Marine  
  85  7:16  SCV  
  85  7:18  Marine  
  85  7:20  Marine  
  85  7:27  Medivac  
  87  7:30  Marine  
  87  7:31  Siege Tank  
  91  7:38  Marine  
  92  7:47  Marine  
  92  7:49  Medivac  
  93  7:52  Refinery  
  93  7:53  Supply Depot, Refinery, Marine x3  
  93  7:54  SCV, Engineering Bay  
  93  7:56  Marine  
  93  7:57  Medivac  
  98  8:05  Bunker x2, Marine  
  99  8:10  Marine  
  99  8:11  Marine  
  101  8:13  SCV  
  101  8:15  Barracks, SCV  
  101  8:16  Barracks  
  101  8:18  Marine  
  101  8:19  Marine  
  105  8:25  Marine  
  106  8:28  Marine  
  109  8:34  Marine  
  109  8:36  Marine  
  109  8:38  Marine  
Tags
 
Add a new tag
Caveats
  • Supply blocks, unpowered buildings, or Contaminate may cause inaccurate times.
  • Supply counts are checked every 10 seconds.